AoeStats
← Striker1904

MegaRandom

509420254Analyzed
2v2 RM · 5d ago on Sep 26, 2026· 51m 28s· 4 players
Game mode
Random Map
Map size
Medium (4 player)
Population
200
Speed
Normal
Resources
Standard
Victory
Conquest
Starting age
Dark Age
Ending age
Imperial Age
RankedLock teamsTeams togetherTeam positionsShared explorationLock speedFull tech treeHidden civsTurbo modeCheats
Victory
Defeat
🇬🇧 Byzantines · United Kingdom
1048
+17
🇹🇷 Huns · Türkiye
1036
+18
🇩🇪 Varangians · Germany
1080
-18
🇩🇪 Bengalis · Germany
1068
-17
Felinehen123
6:24 Loom
10:51 Feudal Age
16:31 Wheelbarrow
17:14 Double-Bit Axe
20:00 Castle Age
19:07 Horse Collar
19:51 Arson
20:11 Scale Mail Armor
20:21 Forging
23:34 Squires
26:35 Gold Mining
31:31 Scale Barding Armor
32:54 Chain Barding Armor
36:05 Imperial Age
37:29 Elite Skirmisher
39:40 Bow Saw
40:26 Conscription
41:17 Fletching
43:31 Ballistics
45:04 Hoardings
45:38 Padded Archer Armor
45:34 Bodkin Arrow
46:56 Bracer
47:58 Chemistry
48:31 Elite Varangian Guard
50:55 Chain Barding Armor
51:10 Iron Casting
50:53 Chain Mail Armor
51:13 Iron Casting
52:27 Chain Barding Armor
cihadyetim
9:52 Feudal Age
14:01 Loom
15:08 Scale Barding Armor
15:13 Forging
21:26 Castle Age
25:06 Fletching
27:58 Ballistics
27:57 Husbandry
29:14 Thumb Ring
33:23 Wheelbarrow
32:48 Bodkin Arrow
36:32 Padded Archer Armor
36:58 Hand Cart
43:16 Imperial Age
42:57 Marauders
43:13 Bloodlines
43:27 Chain Barding Armor
43:42 Iron Casting
43:25 Double-Bit Axe
43:35 Gold Mining
45:43 Chemistry
47:19 Bracer
48:48 Parthian Tactics
49:13 Plate Barding Armor
Timoptimo
8:06 Loom
10:19 Feudal Age
11:26 Double-Bit Axe
11:47 Man-at-Arms
13:06 Scale Mail Armor
16:40 Forging
16:21 Fletching
20:30 Castle Age
20:18 Gold Mining
20:38 Padded Archer Armor
20:37 Crossbowman
21:15 Bodkin Arrow
23:49 Leather Archer Armor
23:48 Bow Saw
24:54 Squires
25:32 Wheelbarrow
25:41 Fishing Lines
26:28 Ballistics
27:13 Long Swordsman
29:22 Chain Mail Armor
30:54 Gambesons
32:11 Iron Casting
33:25 Pikeman
33:52 Arson
36:37 Horse Collar
39:49 Imperial Age
37:05 Town Watch
38:20 Stone Mining
39:06 Gold Shaft Mining
38:09 Elite Skirmisher
40:14 Murder Holes
41:30 Chemistry
40:36 Bracer
40:19 Arbalester
43:18 Conscription
43:07 Paiks
44:04 Blast Furnace
43:10 Scale Barding Armor
43:54 Halberdier
45:33 Siege Elephant
47:43 Chain Barding Armor
47:55 Ring Archer Armor
49:33 Two-Handed Swordsman
51:00 Plate Barding Armor
50:45 Masonry
Striker1904
8:12 Loom
11:26 Feudal Age
12:50 Double-Bit Axe
16:54 Castle Age
18:18 Fletching
21:53 Bow Saw
23:34 Horse Collar
26:06 Town Watch
26:48 Fishing Lines
26:37 Man-at-Arms
28:38 Wheelbarrow
33:18 Heavy Plow
35:00 Bodkin Arrow
39:34 Padded Archer Armor
39:39 Scale Barding Armor
40:22 Elite Skirmisher
43:14 Hand Cart
43:34 Leather Archer Armor
43:36 Pikeman
47:19 Imperial Age
47:35 Halberdier
48:58 Conscription
Connection lost

Rejoining the realm…

Still unreachable

The connection could not be restored.

Session expired

The server has moved on; the page needs a fresh start.